 Dungeon Crawl Stone Soup version 0.29.1-1-gd02db6906a (webtiles) character file.

Game seed: 2427364875417489847

4792 hawla the Arsonist (level 11, -5/88 HPs)
             Began as a Meteoran Fire Elementalist on Oct 5, 2022.
             Was an Initiate of Vehumet.
             Killed from afar by a steam dragon (27 damage)
             ... with a ball of steam
             ... on level 9 of the Dungeon.
             The game lasted 00:22:54 (4851 turns).

hawla the Arsonist (Meteoran Fire Elementalist)     Turns: 4851, Time: 00:22:55

Health: -5/88      AC:  7    Str:  9    XL:     11   Next: 4%
Magic:  5/25       EV: 14    Int: 17    God:    Vehumet [......]
Gold:   425        SH:  0    Dex: 20    Spells: 21/28 levels left

rFire   . . .      SeeInvis +   u - +0 quarterstaff
rCold   . . .      Faith    .   (shield currently unavailable)
rNeg    . . .      Spirit   .   a - +1 robe
rPois   .          Reflect  .   i - +1 hat
rElec   .          Harm     .   E - +0 cloak
rCorr   .          Rampage  .   m - +0 pair of gloves
Will    +....                   e - +0 pair of boots
Stlth   +.........              (no amulet)
HPRegen 0.24/turn               k - ring of see invisible
MPRegen 0.19/turn               (no ring)

@: glowing
A: sense surroundings 2, otherworldly, glowing, explore regen, agile 1, dopey 1,
robust 1
a: Renounce Religion


You were on level 9 of the Dungeon.
You worshipped Vehumet.
Vehumet was noncommittal.
You visited 2 branches of the dungeon, and saw 10 of its levels.

You collected 425 gold pieces.

Inventory:

Hand Weapons
 u - a +0 quarterstaff (weapon)
Missiles
 c - 2 throwing nets
Armour
 a - a +1 robe (worn)
 e - a +0 pair of boots (worn)
 i - a +1 hat (worn)
 m - a +0 pair of gloves (worn)
 x - a +0 buckler
 E - a +0 cloak (worn)
Jewellery
 k - a ring of see invisible (left hand)
 C - an amulet of the acrobat
Wands
 f - a wand of roots (15)
 l - a wand of polymorph (11)
 p - a wand of quicksilver (3)
 y - a wand of flame (16)
 F - a wand of paralysis (8)
Scrolls
 h - 2 scrolls of silence
 q - 2 scrolls of fear
 z - a scroll of teleportation
 B - 2 scrolls of fog
Potions
 b - a potion of magic
 d - a potion of brilliance
 g - 2 potions of cancellation
 j - 3 potions of haste {unknown}
 n - a potion of heal wounds
 o - 4 potions of curing {unknown}
 r - a potion of ambrosia
 s - a potion of resistance {unknown}
 w - a potion of flight


   Skills:
 + Level 2.3 Fighting
 + Level 2.2 Staves
 + Level 4.1 Dodging
 - Level 1.4 Stealth
 + Level 9.3 Spellcasting
 + Level 8.2 Conjurations
 + Level 12.7 Fire Magic
 + Level 1.2 Evocations


You had 21 spell levels left.
You knew the following spells:

 Your Spells              Type           Power      Damage    Failure   Level
a - Foxfire               Conj/Fire      100%       2x1d9     1%          1
b - Scorch                Fire           100%       2d10      1%          2
c - Flame Wave            Conj/Fire      43%        2d11      1%          4

Your spell library contained the following spells:

 Spells                   Type           Power      Damage    Failure   Level
 Conjure Flame            Conj/Fire      43%        6-21      1%          3
 Inner Flame              Hex/Fire       29%        N/A       1%          3
 Sticky Flame             Conj/Fire      43%        2d6       1%          4
 Ignite Poison            Fire/Tmut/Pois 22%        N/A       4%          3
 Gell's Gravitas          Tloc           7%         N/A       26%         3
 Lesser Beckoning         Tloc           7%         N/A       26%         3
 Teleport Other           Tloc           7%         N/A       26%         3
 Cause Fear               Hex            3%         N/A       65%         4
 Dragon Form              Tmut           3%         N/A       100%        7
 Dragon's Call            Summ           3%         N/A       100%        9


Dungeon Overview and Level Annotations

Branches:
Dungeon (9/15) Zot: 580    Temple (1/1) D:5 Zot: 565    Lair (0/5) D:8
    Orc: D:9-12

Altars:
Ashenzari
Cheibriados
Dithmenos
Elyvilon
Fedhas
Gozag
Hepliaklqana
Kikubaaqudgha
Makhleb
Nemelex Xobeh
Okawaru
Qazlal
Ru
Sif Muna
Trog
Uskayaw
Vehumet
Wu Jian
Xom
Zin
The Shining One

Shops:
D:3 =   D:5 =:=(   D:7 !   D:9 *


Innate Abilities, Weirdness & Mutations

You passively map the area around you.
You are easily found by Zot.
You glow in the dark.
You regain HP and MP as you explore.
You are agile. (Dex +4, Str/Int -1)
You are dopey. (Int -2)
You are robust. (+10% HP)


Message History

Confirm with . or Enter, or press ? or * to list all spells.
Flames lash the kobold brigand.
The kobold brigand is heavily wounded.
The kobold brigand's fire resistance burns away.
The kobold brigand throws a poisoned dart.
The poisoned dart hits you!
You are poisoned.
Casting: Scorch (safe; 1% risk of failure)
Confirm with . or Enter, or press ? or * to list all spells.
Flames lash the kobold brigand.
The kobold brigand is burned terribly!
You kill the kobold brigand!
Vehumet accepts your kill.
You feel sick.
Unknown command.
Casting: Scorch (safe; 1% risk of failure)
Confirm with . or Enter, or press ? or * to list all spells.
Flames lash the kobold.
You kill the kobold!
Vehumet accepts your kill.
You feel sick. The steam dragon breathes steam at you.
The ball of steam hits the kobold!
The kobold dies!
The ball of steam hits you!
* * * LOW HITPOINT WARNING * * *
Blink to where?
Press: ? - help, Dir - move target
As you read the scroll of blinking, it crumbles to dust.
You feel sick.
You feel sick.
You feel sick.
A steam dragon is nearby!
You feel sick.
You are no longer poisoned.
Casting: Scorch (safe; 1% risk of failure)
Confirm with . or Enter, or press ? or * to list all spells.
You conjure some foxfire!
The steam dragon breathes steam at you. The ball of steam hits you!!
You die...

### ## * #.# .# * * #.# *.#
* #.# #.# , * #§# #.# *,# *
,* #§# #.# .# *
##.######.#####.######.####
.....)†D)..§§@v...........
, ,
......†.######v.........# *
, ..K.)...# #..........# *
..§.D...# #..........## * ,
..§§D...# #...........# #
,, ..§.>...# #...........#
# ...§....# #...........##
# ...§....# #.......<....#
# , , , #............####


There were no monsters in sight!

Vanquished Creatures
  Psyche (D:8)
  A troll (D:6)
  Prince Ribbit (D:7)
  Sigmund (D:2)
  A shadow (D:9)
  Edmund (D:4)
  2 water moccasins
  Duvessa (D:6)
  3 ice beasts
  A sky beast (D:7)
  A black bear (D:6)
  3 ogres
  A centaur (D:8)
  A phantom (D:4)
  Blork the orc (D:6)
  2 kobold brigands
  A bullfrog (D:9)
  3 necrophages
  3 gnoll sergeants
  3 scorpions
  11 wights
  Dowan (D:6)
  10 killer bees
  A howler monkey (D:5)
  3 hounds
  A jelly (D:8)
  2 orc priests
  Jessica (D:2)
  An iguana (D:5)
  5 orc wizards
  6 adders
  10 gnolls
  A shadow imp (D:7)
  2 white imps
  An ufetubus (D:5)
  5 worms
  2 dart slugs (D:3)
  12 orcs
  5 endoplasms
  A giant cockroach (D:1)
  13 goblins
  3 hobgoblins
  7 jackals
  10 kobolds
  6 quokkas
  6 ball pythons
  7 bats
  A frilled lizard (D:2)
  6 rats
172 creatures vanquished.

Vanquished Creatures (others)
  3 kobolds (D:9)
  238 foxfires
241 creatures vanquished.

Grand Total: 413 creatures vanquished

Notes
Turn   | Place    | Note
-------+----------+-------------------------------------------
     0 | D:1      | hawla the Meteoran Fire Elementalist began the quest for
                  | the Orb.
     0 | D:1      | Reached XP level 1. HP: 14/14 MP: 5/5
   124 | D:1      | Reached XP level 2. HP: 20/20 MP: 3/6
   127 | D:1      | Learned a level 2 spell: Scorch
   302 | D:1      | Reached skill level 4 in Fire Magic
   359 | D:1      | Found a faded altar of an unknown god.
   403 | D:1      | Reached XP level 3. HP: 26/26 MP: 4/8
   500 | D:1      | Glimpsed the power of Zot.
   662 | D:2      | Noticed Sigmund
   702 | D:2      | Killed Sigmund
   703 | D:2      | Reached skill level 5 in Fire Magic
   703 | D:2      | Reached XP level 4. HP: 18/34 MP: 0/11
   703 | D:2      | Reached XP level 5. HP: 21/39 MP: 0/12
   703 | D:2      | Reached XP level 6. HP: 24/46 MP: 0/13
   708 | D:2      | Learned a level 4 spell: Flame Wave
  1100 | D:2      | Noticed Jessica
  1100 | D:2      | Glimpsed the power of Zot.
  1105 | D:2      | Killed Jessica
  1150 | D:2      | Glimpsed the power of Zot.
  1190 | D:2      | Glimpsed the power of Zot.
  1247 | D:3      | Reached skill level 6 in Fire Magic
  1247 | D:3      | Reached XP level 7. HP: 29/51 MP: 2/14
  1307 | D:3      | Found Vienol's Jewellery Emporium.
  1361 | D:3      | Found a shimmering altar of Xom.
  1839 | D:4      | Reached skill level 7 in Fire Magic
  1866 | D:4      | Reached skill level 5 in Conjurations
  2049 | D:4      | Reached XP level 8. HP: 58/58 MP: 10/15
  2050 | D:4      | Noticed Edmund
  2059 | D:4      | Killed Edmund
  2060 | D:4      | Reached skill level 8 in Fire Magic
  2300 | D:4      | Glimpsed the power of Zot.
  2350 | D:4      | Glimpsed the power of Zot.
  2382 | D:5      | Entered Level 5 of the Dungeon
  2430 | D:5      | Found Xofaw's Jewellery Shoppe.
  2472 | D:5      | Found Miolim's Book Emporium.
  2527 | D:5      | Found Qeinukh's Jewellery Boutique.
  2614 | D:5      | Reached skill level 9 in Fire Magic
  2647 | D:5      | Found a staircase to the Ecumenical Temple.
  2661 | Temple   | Entered the Ecumenical Temple
  2661 | Temple   | Found a transporter.
  2661 | Temple   | Found a transporter.
  2663 | Temple   | Found a transporter.
  2663 | Temple   | Found a transporter.
  2928 | D:5      | Found Veyfieg's Antique Weapon Shoppe.
  2935 | D:5      | Glimpsed the power of Zot.
  2957 | D:6      | Gained mutation: You passively map the area around you.
                  | [Meteoran growth]
  2957 | D:6      | Reached XP level 9. HP: 63/63 MP: 15/17
  3013 | D:6      | Noticed Dowan
  3017 | D:6      | Noticed Duvessa
  3020 | D:6      | Killed Dowan
  3024 | D:6      | Killed Duvessa
  3025 | D:6      | Reached skill level 5 in Spellcasting
  3064 | D:6      | Noticed Blork the orc
  3068 | D:6      | Killed Blork the orc
  3069 | D:6      | Reached skill level 10 in Fire Magic
  3175 | D:6      | Reached skill level 1 in Evocations
  3358 | D:6      | Noticed a troll
  3360 | D:6      | Killed a troll
  3361 | D:6      | Reached skill level 1 in Fighting
  3534 | D:6      | Glimpsed the power of Zot.
  3584 | D:6      | Glimpsed the power of Zot.
  3618 | D:7      | Reached skill level 11 in Fire Magic
  3619 | D:7      | Reached XP level 10. HP: 56/71 MP: 8/21
  3688 | D:7      | Noticed Prince Ribbit
  3698 | D:7      | Killed Prince Ribbit
  3699 | D:7      | Reached skill level 1 in Staves
  4108 | D:7      | Found an opulent altar of Gozag.
  4110 | D:7      | Found Syxed's Distillery.
  4134 | D:7      | Glimpsed the power of Zot.
  4171 | D:8      | Gained mutation: You are agile. (Dex +4, Str/Int -1)
                  | [potion of mutation]
  4171 | D:8      | Gained mutation: You are dopey. (Int -2) [potion of
                  | mutation]
  4171 | D:8      | Gained mutation: You are robust. (+10% HP) [potion of
                  | mutation]
  4279 | D:8      | Reached skill level 12 in Fire Magic
  4394 | D:8      | Noticed Psyche
  4401 | D:8      | Killed Psyche
  4560 | D:8      | Found a staircase to the Lair.
  4736 | D:9      | Found a white marble altar of Elyvilon.
  4739 | D:9      | Found a radiant altar of Vehumet.
  4748 | D:9      | Became a worshipper of Vehumet
  4799 | D:9      | Found Vialuthra's General Store.
  4832 | D:9      | Reached XP level 11. HP: 76/86 MP: 17/25
  4851 | D:9      | Killed from afar by a steam dragon

Illustrated notes

Levels and vault maps discovered:
D:1:      psy_arrival_basics, layout_loops_ring, ebering_ecumenical_altar_webs
D:2:      layout_basic, uniq_jessica, uniq_sigmund
D:3:      layout_basic, mainiacjoe_overflow_catwalk, serial_shops,
          nicolae_shop_temple_entry_statues_fountains
D:4:      kennysheep_goblin_castle, layout_loops_corners, uniq_edmund
D:5:      layout_basic, minmay_temple_entry_offerings, serial_shops, shop,
          nicolae_shop_temple_entry_statues_fountains, shop, shop,
          shop_fountains
D:6:      layout_basic, gup_sewer_entry_spiral, uniq_duvessa, uniq_blork_the_orc
D:7:      layout_gridville, general_overflow_altar, serial_shops, shop,
          uniq_prince_ribbit1
D:8:      layout_rooms, lair_entry_dummy, patterned_corridor, uniq_psyche
D:9:      layout_small_grid, nicolae_overflow_squiral, serial_shops,
          nicolae_stop_n_shop_1, nicolae_water_bricks
Temple:   hellmonk_temple_divided_pantheon

Skill      XL: |  1  2  3  4  5  6  7  8  9 10 |
---------------+-------------------------------+-----
Spellcasting   | 3 4 7 9 |  9.3
Fire Magic     | 4 5 6 7 9 11 12 | 12.7
Conjurations   | 2 3 5 6 7 8 |  8.2
Dodging        | 3 4 |  4.1
Evocations     | 1 |  1.2
Fighting       | 1 2 |  2.3
Staves         | 2 |  2.2
Stealth        | |  1.4

Action                   |  1- 3 |  4- 6 |  7- 9 | 10-12 || total
-------------------------+-------+-------+-------+-------++-------
Melee: Unarmed           |    20 |     1 |     3 |       ||    24
       Quarterstaff      |       |       |     6 |    13 ||    19
 Cast: Foxfire           |    35 |    15 |    74 |    30 ||   154
       Scorch            |     9 |    10 |    54 |    20 ||    93
       Flame Wave        |       |     2 |     8 |    17 ||    27
Evoke: Wand              |       |       |     6 |       ||     6
  Use: Scroll            |     3 |       |     8 |    10 ||    21
       Potion            |       |       |       |     1 ||     1
Armor: Robe              |    13 |       |    16 |    12 ||    41
Dodge: Dodged            |    10 |     6 |    20 |    34 ||    70
